 Dungeon Crawl Stone Soup version 0.27.1-4-g1640c2035a (webtiles) character file.

Game seed: 8370992331483069324

39 Crownlay the Digger (level 3, 0/19 HPs)
             Began as a Gargoyle Earth Elementalist on Nov 6, 2021.
             Slain by a scorpion (7 damage)
             ... on level 2 of the Dungeon.
             The game lasted 00:02:54 (1904 turns).

Crownlay the Digger (Gargoyle Earth Elementalist)   Turns: 1904, Time: 00:02:55

Health: 0/19       AC:  5    Str: 11    XL:     3   Next: 45%
Magic:  3/7        EV: 11    Int: 16    God:
Gold:   29         SH:  0    Dex: 10    Spells: 4/8 levels left

rFire    . . .     SeeInvis .   n - +2 dagger (venom)
rCold    . . .     Faith    .   (no shield)
rNeg     + . .     Spirit   .   b - +0 robe
rPois    ∞         Reflect  .   (no helmet)
rElec    +         Harm     .   (no cloak)
rCorr    .         Rampage  .   (no gloves)
Will     .....                  (no boots)
Stlth    ++........             (no amulet)
HPRegen  0.06/turn              g - ring of flight
MPRegen  0.10/turn              (no ring)

@: flying
A: sickness immunity, AC +3, negative energy resistance 1, electricity
resistance, torment resistance 1, petrification resistance
a: no special abilities


You were on level 2 of the Dungeon.
You visited 1 branch of the dungeon, and saw 2 of its levels.

You collected 29 gold pieces.

Inventory:

Hand Weapons
 n - a +2 dagger of venom (weapon)
Armour
 b - a +0 robe (worn)
Jewellery
 g - a ring of flight (left hand)
Scrolls
 a - 3 scrolls of identify {unknown}
 e - a scroll of enchant weapon {unknown}
 i - 2 scrolls of vulnerability {unknown}
 j - a scroll of teleportation {unknown}
 k - a scroll of fear {unknown}
Potions
 d - a potion of degeneration {unknown}
 f - a potion of brilliance {unknown}
 h - 2 potions of mutation {unknown}
 l - 2 potions of magic {unknown}
 m - a potion of curing {unknown}


   Skills:
 - Level 1.5 Dodging
 - Level 2.1 Stealth
 * Level 3.1 Spellcasting
 - Level 0.7 Transmutations
 + Level 4.2 Earth Magic


You had 4 spell levels left.
You knew the following spells:

 Your Spells              Type           Power      Damage    Failure   Level
a - Sandblast             Erth           32%        2d9       3%          1
b - Stone Arrow           Conj/Erth      18%        3d8       24%         3

Your spell library contained the following spells:

 Spells                   Type           Power      Damage    Failure   Level
 Passwall                 Tmut/Erth      8%         N/A       10%         2
 Petrify                  Tmut/Erth      10%        N/A       54%         4


Dungeon Overview and Level Annotations

Branches:
Dungeon (2/15)

Altars:


Innate Abilities, Weirdness & Mutations

You are immune to sickness and miasma.
Your stone body is resilient. (AC +3)
You are immune to poison.
You resist negative energy. (rN+)
You are resistant to electric shocks. (rElec)
You are resistant to unholy torment.
You are immune to petrification.


Message History

The scorpion barely misses you.
Casting: Sandblast (safe; 3% risk of failure)
Confirm with . or Enter, or press ? or * to list all spells.
Aiming: Sandblast (safe; 3% risk of failure)
Press: ? - help, Shift-Dir - straight line, f/p - scorpion
Aim: a scorpion (lightly wounded, 79% to hit)
The blast of sand hits the scorpion.
The scorpion is heavily wounded.
The adder closely misses you. The scorpion stings you.
Casting: Sandblast (safe; 3% risk of failure)
Confirm with . or Enter, or press ? or * to list all spells.
Aiming: Sandblast (safe; 3% risk of failure)
Press: ? - help, Shift-Dir - straight line, f/p - scorpion
Aim: a scorpion (heavily wounded, 79% to hit)
The blast of sand hits the scorpion but does no damage.
The scorpion is heavily wounded.
The adder bites you. The scorpion stings you. The adder barely misses you.
Casting: Sandblast (safe; 3% risk of failure)
Confirm with . or Enter, or press ? or * to list all spells.
Aiming: Sandblast (safe; 3% risk of failure)
Press: ? - help, Shift-Dir - straight line, f/p - scorpion
Aim: a scorpion (heavily wounded, 79% to hit)
The blast of sand hits the scorpion.
The scorpion is heavily wounded.
You now have no stones remaining.
The scorpion closely misses you. The adder misses you.
The scorpion closely misses you.
Casting: Sandblast (safe; 3% risk of failure)
Confirm with . or Enter, or press ? or * to list all spells.
You don't have any stones to cast with.
Unknown command.
Casting: Sandblast (safe; 3% risk of failure)
Confirm with . or Enter, or press ? or * to list all spells.
You don't have any stones to cast with.
Unknown command.
The adder bites you but does no damage. The adder bites you but does no damage.
The scorpion stings you but does no damage.
The adder closely misses you. The scorpion stings you!
You die...

.# ≈≈≈≈###..##.### # #..
#≈≈#...#...... .#
.⌠.#≈≈#.⌠.#.##.####... .
..#≈≈#...#...........
.###≈..≈###...#........
......................
##.##..#............#.
#.#...##S..###...###...!
#......@s..# #..## .#.#
..#...####.# #.... # #
##. #.# ##.### # #.# #.#
#.. ... ### ..


You could see a scorpion and an adder.

Vanquished Creatures
  A dart slug (D:1)
  4 ball pythons (D:1)
  3 endoplasms
  3 giant cockroaches (D:1)
  5 goblins (D:1)
  5 hobgoblins (D:1)
  2 kobolds (D:1)
  A quokka (D:1)
  2 bats (D:1)
  3 frilled lizards (D:1)
  3 rats (D:1)
32 creatures vanquished.

Notes
Turn   | Place    | Note
-------+----------+-------------------------------------------
     0 | D:1      | Crownlay the Gargoyle Earth Elementalist began the quest
                  | for the Orb.
     0 | D:1      | Reached XP level 1. HP: 10/10 MP: 3/3
   146 | D:1      | Reached XP level 2. HP: 2/15 MP: 3/5
   539 | D:1      | Reached skill level 4 in Earth Magic
  1092 | D:1      | Reached XP level 3. HP: 19/19 MP: 7/7
  1825 | D:2      | Learned a level 3 spell: Stone Arrow
  1886 | D:2      | Noticed a scorpion
  1904 | D:2      | Slain by a scorpion

Illustrated notes

Levels and vault maps discovered:
D:1:      dpeg_cavernosity, layout_basic, st_stairs_14
D:2:      layout_loops_ring, basic_altar, fountainhead

Skill      XL: |  1  2  3 |
---------------+----------+-----
Earth Magic    | 4 |  4.2
Spellcasting   | 3 |  3.1
Dodging        | |  1.5
Stealth        | |  2.1
Transmutations | |  0.7

Action                   || total
-------------------------++-------
Melee: Unarmed           ||    22
       Dagger            ||    73
 Cast: Sandblast         ||    30
 Stab: Sleeping          ||     1
Armor: Robe              ||    57
Dodge: Dodged            ||    82
